[Event "GER-ch Youth-U12 2022"]
[Site "Willingen"]
[Date "2022.06.05"]
[Round "1.22"]
[White "Albrecht, Neil"]
[Black "Burkart, Lloyd Shang"]
[Result "1-0"]
[ECO "B41"]
[WhiteElo "1376"]
[BlackElo "1559"]
[Annotator "NA RC COMBH"]
[PlyCount "89"]
[EventDate "2022.06.05"]
[EventType "swiss"]
[EventRounds "9"]
[EventCountry "GER"]
[SourceTitle "playchess.com"]
[Source "ChessBase"]
[SourceQuality "1"]
[TimeControl "40/4500+30:900+30"]

1. e4 c5 2. Nf3 e6 3. d4 cxd4 4. Nxd4 a6 5. c4 Nf6 6. f3 Qc7 7. Nc3 Bb4 8. Qb3 Be7 9. Be3 d6 10. Be2 Nbd7 11. O-O-O Nc5 12. Qc2 b6 13. Nb3 Bb7 14. Rd2 O-O-O 15. Rhd1 Rd7 16. Na1 Rdd8 17. b4 Ncd7 18. Nb3 Ne5 19. Na4 Nfd7 20. f4 Ng6 21. e5 d5 22. cxd5 Bxb4 23. Qxc7+ Kxc7 24. Rc2+ Kb8 25. d6 Rc8 26. g3 Rxc2+ 27. Kxc2 Rc8+ 28. Kb2 Bd5 29. Bxa6 Rd8 30. Nxb6 Ka7 31. Nxd5+ Bc5 32. Nxc5 exd5 33. Nxd7+ Kxa6 34. Nc5+ Kb5 35. Rxd5 Kc4 36. Rd3 Nf8 37. Rb3 Rc8 38. Rc3+ Kd5 39. Nb3 Rd8 40. a4 Ne6 41. a5 Rb8 42. a6 Nd8 43. a7 Ra8 44. d7 Ke6 45. Rc8 1-0

[Event "GER-ch Youth-U12 2022"]
[Site "Willingen"]
[Date "2022.06.05"]
[Round "1.23"]
[White "Noennig, Jakob"]
[Black "Prashanthakumar, Arju"]
[Result "1-0"]
[ECO "C54"]
[WhiteElo "1556"]
[BlackElo "1265"]
[Annotator "NA RC COMBH"]
[PlyCount "79"]
[EventDate "2022.06.05"]
[EventType "swiss"]
[EventRounds "9"]
[EventCountry "GER"]
[SourceTitle "playchess.com"]
[Source "ChessBase"]
[SourceQuality "1"]
[TimeControl "40/4500+30:900+30"]

1. e4 e5 2. Nf3 Nc6 3. Bc4 Bc5 4. c3 Nf6 5. d4 exd4 6. e5 d5 7. Bb5 Ne4 8. cxd4 Bb4+ 9. Bd2 Bxd2+ 10. Nbxd2 Nxd2 11. Qxd2 Bd7 12. O-O O-O 13. Bxc6 Bxc6 14. Rfc1 Qd7 15. Rc5 Rfe8 16. Rac1 Re6 17. b4 b6 18. R5c3 Rc8 19. Qc2 Bb5 20. Rxc7 Qxc7 21. Qxc7 Rxc7 22. Rc2 Rcc6 23. Rxc6 a6 24. Rc7 h6 25. g3 Rc6 26. Rxc6 Bxc6 27. Nh4 Kf8 28. Nf5 Bd7 29. Nd6 Ke7 30. Kg2 f6 31. f4 fxe5 32. f5 a5 33. dxe5 a4 34. b5 a3 35. Kf3 h5 36. Ke3 Kf8 37. h3 Ke7 38. Kd4 Kf8 39. Kxd5 Be8 40. e6 1-0

[Event "GER-ch Youth-U12 2022"]
[Site "Willingen"]
[Date "2022.06.05"]
[Round "1.24"]
[White "Gavrylyuk, Oleksandr"]
[Black "Limmer, Marco"]
[Result "0-1"]
[ECO "C11"]
[WhiteElo "1272"]
[BlackElo "1825"]
[Annotator "NA RC COMBH"]
[PlyCount "98"]
[EventDate "2022.06.05"]
[EventType "swiss"]
[EventRounds "9"]
[EventCountry "GER"]
[SourceTitle "playchess.com"]
[Source "ChessBase"]
[SourceQuality "1"]
[TimeControl "40/4500+30:900+30"]

1. e4 e6 2. d4 d5 3. Nc3 Nf6 4. e5 Nfd7 5. Nf3 c5 6. Bg5 Qb6 7. Be3 Nc6 8. Bb5 a6 9. Ba4 Qxb2 10. Bxc6 bxc6 11. Na4 Qa3 (11... Qb5 $142 12. Nxc5 Nxc5 13. dxc5 Bxc5) 12. c3 cxd4 13. Bxd4 $19 (13. Bc1 $15 Qe7 14. cxd4) 13... Rb8 14. O-O Be7 15. Qc2 Nc5 16. Nxc5 Bxc5 17. Rab1 Rxb1 18. Rxb1 Qa5 19. Nd2 Bf8 20. c4 Qc7 21. Rb6 (21. Bb6 $1 $14 {keeps the upper hand.} Qd7 22. Nb3) 21... c5 22. Qa4+ Bd7 23. Qa5 cxd4 24. Rxe6+ Kd8 25. Qxc7+ Kxc7 26. Rxa6 Kb7 27. Ra5 Bb4 28. Rxd5 Bc6 29. Rxd4 Ra8 30. Nb3 Rxa2 31. h3 Rb2 32. Rd3 Be1 33. f3 Bg3 34. Nd2 Bxe5 35. Rb3+ Rxb3 36. Nxb3 Kb6 37. Kf2 Ba4 38. Nd2 h6 39. Ke3 Kc5 40. Ke4 Bc3 41. Kd3 Bxd2 42. Kxd2 Kxc4 43. Ke3 Bc2 44. g3 Kc3 45. Kf4 Kd4 46. Kg4 Ke3 47. f4 Kf2 48. h4 g6 49. Kh3 Kf3 0-1

[Event "GER-ch Youth-U12 2022"]
[Site "Willingen"]
[Date "2022.06.05"]
[Round "1.25"]
[White "Blodig, Vincent"]
[Black "Pham, Jacky"]
[Result "1-0"]
[ECO "C02"]
[WhiteElo "1461"]
[BlackElo "1189"]
[Annotator "NA RC COMBH"]
[PlyCount "43"]
[EventDate "2022.06.05"]
[EventType "swiss"]
[EventRounds "9"]
[EventCountry "GER"]
[SourceTitle "playchess.com"]
[Source "ChessBase"]
[SourceQuality "1"]
[TimeControl "40/4500+30:900+30"]

1. e4 e6 2. d4 d5 3. e5 c5 4. c3 Nc6 5. Nf3 Qb6 6. a3 Bd7 7. b4 cxd4 8. cxd4 a5 9. b5 Nce7 10. Nc3 f6 11. Na4 Qc7 12. Bf4 Ng6 13. Bg3 Rc8 14. exf6 Qd8 15. f7+ Kxf7 16. Bd3 Nf6 17. Bxg6+ hxg6 18. Ne5+ Ke8 19. Qd3 g5 20. Qg6+ Ke7 21. Qf7+ Kd6 22. Nc4# 1-0

[Event "GER-ch Youth-U12 2022"]
[Site "Willingen"]
[Date "2022.06.05"]
[Round "1.26"]
[White "Li, Luxuan"]
[Black "Wylie, Leonard"]
[Result "1-0"]
[ECO "C01"]
[WhiteElo "1235"]
[BlackElo "1733"]
[Annotator "NA RC COMBH"]
[PlyCount "83"]
[EventDate "2022.06.05"]
[EventType "swiss"]
[EventRounds "9"]
[EventCountry "GER"]
[SourceTitle "playchess.com"]
[Source "ChessBase"]
[SourceQuality "1"]
[TimeControl "40/4500+30:900+30"]

1. e4 e6 2. d4 d5 3. exd5 exd5 4. Nc3 Nc6 5. Bf4 Bb4 6. a3 Ba5 7. Bb5 Nge7 8. Nge2 Be6 9. O-O Qd7 10. Re1 O-O-O 11. b4 Bb6 12. Na4 f6 13. Rc1 a6 14. Nxb6+ cxb6 15. Bd3 h5 16. h4 Rdg8 17. Qd2 Bf5 18. Ng3 Be6 19. Qe2 Bg4 20. f3 Bf5 21. Qd2 g6 22. b5 Nb8 23. a4 Qd8 24. Qb4 Rg7 25. Re2 a5 26. Qa3 Rhh7 27. c4 Bxd3 28. Qxd3 Kd7 29. cxd5 Nxd5 30. Qe4 Qg8 31. Bxb8 Re7 32. Qc2 Qxb8 33. Rxe7+ Nxe7 34. Ne4 Qf4 35. d5 Rh8 36. Rd1 Qe5 37. d6 Nd5 38. Rxd5 Qe6 39. Qc7+ Ke8 40. d7+ Kf7 41. d8=Q+ Qe7 42. Qcxe7# 1-0

[Event "GER-ch Youth-U12 2022"]
[Site "Willingen"]
[Date "2022.06.05"]
[Round "1.27"]
[White "Kulkovets, Roman"]
[Black "Steven, Matthias"]
[Result "1-0"]
[ECO "B76"]
[WhiteElo "1099"]
[BlackElo "1376"]
[Annotator "NA RC COMBH"]
[PlyCount "53"]
[EventDate "2022.06.05"]
[EventType "swiss"]
[EventRounds "9"]
[EventCountry "GER"]
[SourceTitle "playchess.com"]
[Source "ChessBase"]
[SourceQuality "1"]
[TimeControl "40/4500+30:900+30"]

1. e4 c5 2. Nf3 Nc6 3. d4 cxd4 4. Nxd4 g6 5. Be3 Bg7 6. Nc3 Nf6 7. f3 O-O 8. Qd2 d6 9. O-O-O Bd7 10. g4 Nxd4 11. Bxd4 a6 12. h4 e5 13. Be3 Ne8 14. h5 Be6 15. Qh2 Nf6 16. Nd5 Bxd5 17. Rxd5 Nxd5 18. hxg6 fxg6 19. Qxh7+ Kf7 20. Bc4 Qf6 21. g5 Qxf3 22. Bxd5+ Ke8 23. Qxg6+ Kd8 24. Bb6+ Kc8 25. Qe6+ Kb8 26. Qxd6+ Kc8 27. Be6# 1-0

[Event "GER-ch Youth-U12 2022"]
[Site "Willingen"]
[Date "2022.06.05"]
[Round "2.1"]
[White "Sydykov Bayastan"]
[Black "Neuhoff, Laertes"]
[Result "1-0"]
[ECO "C68"]
[WhiteElo "1477"]
[BlackElo "1990"]
[Annotator "TA"]
[PlyCount "129"]
[EventDate "2022.06.05"]
[EventType "swiss"]
[EventRounds "9"]
[EventCountry "GER"]
[SourceTitle "playchess.com"]
[Source "ChessBase"]
[SourceQuality "1"]
[TimeControl "40/4500+30:900+30"]

1. e4 e5 2. Nf3 Nc6 3. Bb5 a6 4. Bxc6 dxc6 5. O-O Bg4 6. h3 h5 7. d3 Qf6 8. Be3 Bxf3 9. Qxf3 Qxf3 10. gxf3 Bd6 11. Nd2 {[%emt 0:00:00] C68: Ruy Lopez: Exchange Variation, sidelines.} O-O-O 12. Nc4 Ne7 13. f4 {[%emt 0:00:00] The position is equal.} exf4 14. Nxd6+ cxd6 15. Bxf4 d5 16. f3 {[%emt 0:00:00] [#]} Rhe8 $146 ({Predecessor:} 16... Rhg8 17. Kh2 g5 18. Be5 Rg6 19. Rf2 f6 20. Bc3 c5 21. Rg1 Rdg8 22. Rfg2 Kd7 {1-0 (32) Kessler,L (2249)-Lien,K (2011) Al Ain 2013}) 17. Rae1 a5 18. Be3 Kc7 {[%emt 0:03:13] Inhibits Bb6+.} 19. f4 dxe4 20. dxe4 f5 21. e5 Nd5 22. Bd2 Nb4 ({Black should play} 22... b6 $14) 23. Bxb4 (23. Re2 $16) 23... axb4 $11 24. Rd1 Rxd1 25. Rxd1 {[%emt 0:00:07][%mdl 4096] Endgame KR-KR} g5 $2 {[%emt 0:00:56][%mdl 8192] [#]} (25... Ra8 $11 {and Black is okay.}) 26. fxg5 $18 Rxe5 27. Rd4 f4 28. h4 ({Worse is} 28. Rxf4 Rxg5+ 29. Kh2 Rc5 30. Rxb4 Rxc2+ 31. Kg3 b5 $11) 28... Rf5 $2 (28... Re2 29. Rxf4 Kd6 30. Rxb4 b5) 29. Rxb4 f3 30. Kf2 c5 (30... Rf8 {is a better defense.} 31. Rd4 Rf5) 31. Re4 Kd6 32. c4 Kd7 33. b3 b6 34. a4 Rf8 (34... Kd6 $142 35. Re8 Rf4) 35. Re5 Kd6 36. Rd5+ Ke6 37. a5 Rb8 38. axb6 Rxb6 39. Rxc5 Rxb3 40. Rc6+ Kf5 41. Rf6+ $2 ({White must play} 41. g6 $18 {Hoping for g7.} Rb7 42. Kxf3) 41... Kg4 $2 (41... Ke4 $14) 42. g6 Rb2+ 43. Ke3 Re2+ 44. Kd3 Re8 45. c5 Kg3 46. c6 $2 (46. g7 $18 Rg8 47. Rg6+ Kf2 48. c6) 46... f2 $11 47. c7 {[%emt 0:00:00] [#] Threatens to win with Kd4.} Kg2 $1 48. Kd4 {[%emt 0:00:00] And now Kd5 would win.} Rg8 $2 {[%emt 0:01:31][%mdl 8192] Black is now going downhill.} (48... f1=R $11 49. Rxf1 Kxf1) 49. Ke5 f1=Q 50. Rxf1 Kxf1 $18 {[%emt 0:00:13] KR-K3P} 51. g7 Kf2 52. Ke6 Rc8 53. Kd7 Rg8 54. c8=Q Rxg7+ {[%emt 0:00:07] KQ-KR} 55. Ke6 {[%emt 0:00:00] White mates.} Rg4 56. Qc5+ Kg3 57. Qe3+ Kxh4 58. Kf5 Rg3 59. Qe4+ Rg4 60. Qh1+ Kg3 61. Qxh5 Rg8 62. Ke4 Rg4+ 63. Ke3 Rg8 64. Qf3+ Kh4 65. Qh1+ {[%emt 0:00:00] Weighted Error Value: White=0.53/Black=0.68} 1-0

[Event "GER-ch Youth-U12 2022"]
[Site "Willingen"]
[Date "2022.06.05"]
[Round "2.2"]
[White "Nechitailo, Nikita"]
[Black "Skembris, Simon Max"]
[Result "1/2-1/2"]
[ECO "B21"]
[WhiteElo "1371"]
[BlackElo "1413"]
[Annotator "NA RC COMBH"]
[PlyCount "134"]
[EventDate "2022.06.05"]
[EventType "swiss"]
[EventRounds "9"]
[EventCountry "GER"]
[SourceTitle "playchess.com"]
[Source "ChessBase"]
[SourceQuality "1"]
[TimeControl "40/4500+30:900+30"]

1. e4 c5 2. d4 cxd4 3. c3 dxc3 4. Nxc3 a6 5. Bf4 e6 6. Rc1 b5 7. Bxb5 axb5 8. Nxb5 Qa5+ 9. Bd2 Qxb5 10. Rxc8+ Ke7 11. a3 Ra6 12. Bb4+ d6 13. Nf3 Nd7 14. Nd4 Qe5 15. Qd3 Ngf6 16. Qxa6 Qxd4 17. O-O Nxe4 18. Qa5 Qb6 19. Qa8 f5 20. Re8+ Kf7 21. Qc8 Qa7 22. Rd8 Ndf6 23. Bc3 Nxc3 24. bxc3 Qxa3 25. Re1 Ne4 26. Re8 Qa2 27. Qd7+ Kf6 28. Qd8+ Kf7 29. Qd7+ Kf6 30. Qd8+ Kg6 31. Rf1 Nxc3 32. Rxf8 Rxf8 33. Qxf8 Ne4 34. h4 Qd5 35. Qe8+ Kh6 36. Qf7 Nc5 37. Qe7 Ne4 38. Re1 Kg6 39. f3 Qd4+ 40. Kh1 Nf6 41. Qxe6 Qxh4+ 42. Kg1 Qg3 43. Rd1 h5 44. Rxd6 h4 45. Qe8+ Kh6 46. Qe3+ Kh5 47. Rd8 Kg6 48. Qf2 Nh5 49. Rd4 Qxf2+ 50. Kxf2 Kg5 51. Ke3 Ng3 52. f4+ Kg4 53. Rd7 Nh5 54. Rf7 g6 55. Rh7 Nxf4 56. Rxh4+ Kxh4 57. Kxf4 Kh5 58. g3 Kh6 59. g4 fxg4 60. Kxg4 g5 61. Kh3 Kh5 62. Kg3 g4 63. Kh2 Kh4 64. Kg2 g3 65. Kg1 Kg4 66. Kg2 Kf4 67. Kg1 Ke5 1/2-1/2

[Event "GER-ch Youth-U12 2022"]
[Site "Willingen"]
[Date "2022.06.05"]
[Round "2.3"]
[White "Herrmann, Arthur"]
[Black "Korchynskyi, Mykola"]
[Result "1-0"]
[ECO "B55"]
[WhiteElo "1507"]
[BlackElo "1723"]
[Annotator "NA RC COMBH"]
[PlyCount "59"]
[EventDate "2022.06.05"]
[EventType "swiss"]
[EventRounds "9"]
[EventCountry "GER"]
[SourceTitle "playchess.com"]
[Source "ChessBase"]
[SourceQuality "1"]
[TimeControl "40/4500+30:900+30"]

1. e4 c5 2. Nf3 d6 3. d4 cxd4 4. Nxd4 Nf6 5. f3 a6 6. c4 e5 7. Nc2 Be6 8. Nc3 Be7 9. Be2 O-O 10. Be3 Nbd7 11. O-O Rc8 12. Nd5 Ne8 13. Qd2 f5 14. exf5 Bxf5 15. Ncb4 Be6 16. Rfd1 Kh8 17. Rac1 Ndf6 18. Bb6 Qd7 19. Nxe7 Qxe7 20. Qe3 Nd7 21. Rc3 Qf7 22. b3 Qg6 23. Bd3 Bf5 24. Nd5 Qe6 25. Bxf5 Rxf5 26. Qd3 Rf8 27. b4 h6 28. Be3 Ndf6 29. Qg6 Nd7 30. Nb6 1-0

[Event "GER-ch Youth-U12 2022"]
[Site "Willingen"]
[Date "2022.06.05"]
[Round "2.4"]
[White "Gloeckler, Christian"]
[Black "Noennig, Jakob"]
[Result "1-0"]
[ECO "C79"]
[WhiteElo "1869"]
[BlackElo "1556"]
[Annotator "NA RC COMBH"]
[PlyCount "91"]
[EventDate "2022.06.05"]
[EventType "swiss"]
[EventRounds "9"]
[EventCountry "GER"]
[SourceTitle "playchess.com"]
[Source "ChessBase"]
[SourceQuality "1"]
[TimeControl "40/4500+30:900+30"]

1. e4 e5 2. Nf3 Nc6 3. Bb5 a6 4. Ba4 Nf6 5. O-O d6 6. d4 b5 7. Bb3 Bg4 $11 (7... Nxe4 $2 8. Bd5 Bb7 9. Bxe4 $18) 8. c3 Bxf3 9. gxf3 g5 10. a4 Rg8 11. Kh1 Rb8 12. Be3 Nh5 13. axb5 axb5 14. Rg1 Qf6 15. Rg4 Rg6 16. Ra6 Nd8 17. d5 Rb7 18. Na3 Be7 19. Nxb5 Kf8 20. Bc4 Kg7 21. b4 h6 22. Be2 Kh7 23. c4 Bf8 24. c5 Qe7 25. c6 Rb8 26. Ra7 Rc8 27. Qa1 Nf4 28. Qa6 h5 29. Bxf4 hxg4 30. Qxc8 gxf4 31. fxg4 Qh4 32. Kg1 Qh3 33. Qf5 Be7 34. Rxc7 Kg7 35. Rxe7 Rh6 36. Qg5+ Kh7 37. Qxh6+ Kxh6 38. c7 f3 39. Bxf3 Qxf3 40. c8=Q Ne6 41. Rxe6+ fxe6 42. Qxe6+ Kg7 43. Nxd6 Qe2 44. Nf5+ Kh7 45. Qf7+ Kh8 46. Qg7# 1-0

[Event "GER-ch Youth-U12 2022"]
[Site "Willingen"]
[Date "2022.06.05"]
[Round "2.5"]
[White "Limmer, Marco"]
[Black "Zhuikov, Edgard"]
[Result "1/2-1/2"]
[ECO "C55"]
[WhiteElo "1825"]
[BlackElo "1892"]
[Annotator "NA RC COMBH"]
[PlyCount "120"]
[EventDate "2022.06.05"]
[EventType "swiss"]
[EventRounds "9"]
[EventCountry "GER"]
[SourceTitle "playchess.com"]
[Source "ChessBase"]
[SourceQuality "1"]
[TimeControl "40/4500+30:900+30"]

1. e4 e5 2. Nf3 Nc6 3. Bc4 Nf6 4. d3 h6 5. c3 d6 6. Nbd2 g5 7. h3 Bg7 8. Nf1 Be6 9. Bxe6 fxe6 $14 10. Qb3 Qc8 11. Ng3 b6 12. d4 exd4 13. cxd4 Na5 14. Qd3 Qd7 15. e5 (15. O-O $16) 15... Nd5 16. Nh5 O-O-O 17. Bd2 Nc6 18. Rc1 Kb7 19. exd6 cxd6 20. O-O Rhg8 21. Rfe1 Qf7 22. Ng3 Rc8 23. Ne4 Rgd8 24. a4 e5 25. Qa3 Bf8 26. Qd3 Nf4 27. Bxf4 exf4 28. Nc3 Bg7 29. Re2 a6 30. Rce1 Re8 31. Ne4 Bf8 32. Nc3 Rxe2 33. Qxe2 Bg7 34. d5 Ne5 35. Ne4 Nxf3+ 36. Qxf3 Be5 37. Nc3 Qg7 38. Rc1 a5 39. Qd3 Bxc3 40. Rxc3 Rxc3 41. bxc3 Qd7 42. Qc4 Qc8 43. Qd3 Qd7 44. Qc4 Qc7 45. Qd3 Qe7 46. Qg6 Qe1+ 47. Kh2 Qxf2 48. Qxd6 Qg3+ 49. Kh1 Qxc3 50. Qxh6 Qa1+ 51. Kh2 Qxa4 52. Qxg5 Qd7 53. Qe5 Qf7 54. h4 f3 55. gxf3 Qxf3 56. Qe7+ Ka6 57. d6 Qf2+ 58. Kh3 Qf3+ 59. Kh2 Kb5 60. d7 Qf2+ 1/2-1/2

[Event "GER-ch Youth-U12 2022"]
[Site "Willingen"]
[Date "2022.06.05"]
[Round "2.6"]
[White "Malinowsky, Levi"]
[Black "Blodig, Vincent"]
[Result "1-0"]
[ECO "A06"]
[WhiteElo "1816"]
[BlackElo "1461"]
[Annotator "NA RC COMBH"]
[PlyCount "120"]
[EventDate "2022.06.05"]
[EventType "swiss"]
[EventRounds "9"]
[EventCountry "GER"]
[SourceTitle "playchess.com"]
[Source "ChessBase"]
[SourceQuality "1"]
[TimeControl "40/4500+30:900+30"]

1. Nf3 d5 2. d3 Nf6 3. Nbd2 c5 4. e4 d4 5. h3 Nc6 6. g4 (6. Nc4 $11) 6... g6 7. Bg2 Bg7 8. O-O h5 9. g5 Nd7 10. Ne1 $15 e5 11. f4 exf4 12. Ndf3 Nde5 13. Bxf4 O-O 14. Qd2 Be6 15. c3 Qa5 16. Nxe5 Bxe5 17. Bxe5 Nxe5 18. Qf4 Nc6 19. cxd4 Nxd4 20. Qf2 Nb3 21. Rd1 Qxa2 22. Nf3 Qa6 23. Ne5 Nd4 24. Qf6 Kh7 25. Qe7 Rae8 26. Qxc5 Nb3 27. Qb4 b5 28. d4 Qb6 29. Kh1 a5 30. Qc3 b4 31. Qd3 Qc7 32. Rf6 a4 33. Rdf1 a3 34. Rxe6 fxe6 35. Qxb3 Rxf1+ 36. Bxf1 Qc1 37. Qf3 Re7 38. Nxg6 Qxg5 39. Nxe7 a2 40. Qf7+ Qg7 41. Qxh5+ Qh6 42. Qg4 Qf6 43. Qd1 Qxe7 44. Bc4 Qa7 45. Bxa2 Qxa2 46. Qe2 Qa7 47. Qd2 b3 48. Kg2 Qf7 49. Qe3 Qg7+ 50. Kf2 Qf8+ 51. Ke2 Qb4 52. d5 e5 53. Qd3 Kg6 54. d6 Qb6 55. d7 Qd8 56. Qd6+ Kh7 57. Qe6 Qh4 58. Qg4 Qe7 59. Qh5+ Kg7 60. Qe8 Qd8 1-0

[Event "GER-ch Youth-U12 2022"]
[Site "Willingen"]
[Date "2022.06.05"]
[Round "2.7"]
[White "Kulkovets, Roman"]
[Black "Herrmann, Jakob"]
[Result "1-0"]
[ECO "B19"]
[WhiteElo "1099"]
[BlackElo "1737"]
[Annotator "NA RC COMBH"]
[PlyCount "107"]
[EventDate "2022.06.05"]
[EventType "swiss"]
[EventRounds "9"]
[EventCountry "GER"]
[SourceTitle "playchess.com"]
[Source "ChessBase"]
[SourceQuality "1"]
[TimeControl "40/4500+30:900+30"]

1. e4 c6 2. d4 d5 3. Nc3 dxe4 4. Nxe4 Bf5 5. Ng3 Bg6 6. h4 h6 7. Nf3 Nd7 8. h5 Bh7 9. Bd3 Bxd3 10. Qxd3 Ngf6 11. Bf4 Qa5+ 12. Bd2 Qc7 13. Bb4 e6 14. Bxf8 Rxf8 15. c4 O-O-O 16. O-O-O Nc5 17. Qe3 Ng4 18. Qe2 Qf4+ 19. Kb1 Nd7 20. Rh4 Rde8 21. Nh2 f5 22. Nxg4 fxg4 23. Rxg4 Qxf2 24. Rxg7 Qxe2 25. Nxe2 Rf2 26. Nc3 Nf6 27. Rg6 Nxh5 28. Ne4 Ref8 29. Nxf2 Rxf2 30. Rxe6 Rxg2 31. Rxh6 Ng7 32. Rf1 Ne8 33. Rf8 Re2 34. Rhh8 Kd7 35. Rh7+ Re7 36. Rff7 Rxf7 37. Rxf7+ Kc8 38. b3 Nd6 39. Rh7 Nf5 40. d5 cxd5 41. cxd5 Ne3 42. Rh5 Kc7 43. Kb2 Kd6 44. Rh7 b6 45. Rxa7 Nxd5 46. a3 Kc6 47. b4 b5 48. Ra6+ Nb6 49. Kc3 Kb7 50. Rxb6+ Kxb6 51. Kd4 Kc6 52. Ke5 Kc7 53. Kd5 Kb6 54. Kd6 1-0

[Event "GER-ch Youth-U12 2022"]
[Site "Willingen"]
[Date "2022.06.05"]
[Round "2.8"]
[White "Martin Fernandez, Rafael"]
[Black "Nemitz, Alfred"]
[Result "1-0"]
[ECO "E92"]
[WhiteElo "1678"]
[BlackElo "1611"]
[Annotator "NA RC COMBH"]
[PlyCount "99"]
[EventDate "2022.06.05"]
[EventType "swiss"]
[EventRounds "9"]
[EventCountry "GER"]
[SourceTitle "playchess.com"]
[Source "ChessBase"]
[SourceQuality "1"]
[TimeControl "40/4500+30:900+30"]

1. d4 Nf6 2. c4 g6 3. Nf3 Bg7 4. Nc3 O-O 5. e4 d6 6. Be2 e5 7. Be3 Nc6 8. d5 Ne7 9. Nd2 Nd7 10. O-O f5 11. f3 f4 12. Bf2 g5 13. Rc1 h5 14. b4 Nf6 15. c5 a6 16. cxd6 cxd6 17. Nc4 Kh8 18. Nb6 Rb8 19. Nxc8 Rxc8 20. h3 Qe8 21. b5 a5 22. b6 Qg6 23. Nb5 g4 24. Rxc8 Nxc8 25. Kh1 g3 26. Bg1 Nh7 27. Re1 Ng5 28. Bf1 Bf6 29. Qa4 Rg8 30. Re2 Qe8 31. Qxa5 Bd8 32. Rc2 Qd7 33. Nc7 Ne7 34. Qa7 Qc8 35. Rc4 Nf7 36. Ne8 Bxb6 37. Qxb6 Qxe8 38. Qxb7 Kg7 39. Rc7 Kf6 40. Bb5 Qf8 41. a4 Ng5 42. Bf1 Rg7 43. Qb6 Qd8 44. Rb7 Rg8 45. a5 Nf7 46. a6 Qc8 47. Qc7 Qxc7 48. Rxc7 Ra8 49. a7 Nd8 50. Rd7 1-0

[Event "GER-ch Youth-U12 2022"]
[Site "Willingen"]
[Date "2022.06.05"]
[Round "2.9"]
[White "Mandalka, Justus"]
[Black "Buchinger, Alexis"]
[Result "0-1"]
[ECO "C56"]
[WhiteElo "1402"]
[BlackElo "1676"]
[Annotator "NA RC COMBH"]
[PlyCount "62"]
[EventDate "2022.06.05"]
[EventType "swiss"]
[EventRounds "9"]
[EventCountry "GER"]
[SourceTitle "playchess.com"]
[Source "ChessBase"]
[SourceQuality "1"]
[TimeControl "40/4500+30:900+30"]

1. e4 e5 2. Nf3 Nc6 3. d4 exd4 4. Bc4 Nf6 5. O-O Nxe4 6. Re1 d5 7. Bxd5 Qxd5 8. Nc3 Qh5 9. Nxe4 Be7 10. Qd3 O-O 11. a3 Bf5 12. Bf4 Rac8 13. Qb3 Qg4 14. g3 Rfe8 15. Neg5 Nd8 16. Nxd4 Bd7 17. Qd5 Bxg5 18. f3 Qh3 19. Bxg5 Nc6 20. b4 Nxd4 21. Qxd4 Qf5 22. Bf4 Bc6 23. Qc3 h6 24. Kf2 Qh5 25. g4 Qg6 26. Qb3 Qf6 27. Kg3 h5 28. Bd2 Qd6+ 29. Bf4 h4+ 30. Kh3 Qxf4 31. b5 Bxf3 0-1

[Event "GER-ch Youth-U12 2022"]
[Site "Willingen"]
[Date "2022.06.05"]
[Round "2.10"]
[White "Stichter, Constantin Paul"]
[Black "Freude, Paul"]
[Result "1-0"]
[ECO "B23"]
[WhiteElo "1472"]
[BlackElo "1415"]
[Annotator "NA RC COMBH"]
[PlyCount "85"]
[EventDate "2022.06.05"]
[EventType "swiss"]
[EventRounds "9"]
[EventCountry "GER"]
[SourceTitle "playchess.com"]
[Source "ChessBase"]
[SourceQuality "1"]
[TimeControl "40/4500+30:900+30"]

1. e4 c5 2. Nc3 a6 3. f4 g6 4. Nf3 b5 5. g3 Bb7 6. d3 Bg7 7. Bg2 e6 8. Be3 Qc7 9. e5 Ne7 10. Ne4 Bxe4 11. dxe4 O-O 12. O-O Rd8 13. Qd6 Qxd6 14. exd6 Nec6 15. c3 c4 16. e5 a5 17. Nd4 Nxd4 18. Bxa8 Nbc6 19. Bxc6 Nxc6 20. Bd4 Bh8 21. b3 cxb3 22. axb3 Rb8 23. Rf2 f6 24. Re2 Kf7 25. Kg2 b4 26. Rb1 Bg7 27. Kf3 Rb5 28. exf6 Nxd4+ 29. cxd4 Bxf6 30. Ke4 Rd5 31. Rd2 Rxd6 32. Rc1 Ra6 33. Ra2 Rd6 34. Rc4 Rd5 35. Rd2 Be7 36. Rc7 Kg7 37. Ra7 Bf6 38. Rc7 Be7 39. Rdc2 Kh6 40. Ra7 Bf6 41. Rc4 d6 42. h4 Rh5 43. Rcc7 1-0

[Event "GER-ch Youth-U12 2022"]
[Site "Willingen"]
[Date "2022.06.05"]
[Round "2.11"]
[White "Wartenberg, Alexander"]
[Black "Albrecht, Neil"]
[Result "1-0"]
[ECO "C47"]
[WhiteElo "1682"]
[BlackElo "1376"]
[Annotator "NA RC COMBH"]
[PlyCount "111"]
[EventDate "2022.06.05"]
[EventType "swiss"]
[EventRounds "9"]
[EventCountry "GER"]
[SourceTitle "playchess.com"]
[Source "ChessBase"]
[SourceQuality "1"]
[TimeControl "40/4500+30:900+30"]

1. e4 e5 2. Nf3 Nc6 3. d4 exd4 4. Nxd4 Nf6 5. Nc3 Bb4 6. Nxc6 bxc6 7. Bd3 d5 8. exd5 cxd5 9. O-O O-O 10. Bg5 c6 11. Qf3 Rb8 12. Ne2 Bd6 13. Nd4 Bd7 14. Rfe1 Be7 15. Nf5 Bxf5 16. Qxf5 g6 17. Qe5 Re8 18. Qf4 Rb4 19. Qe3 d4 20. Qf3 Nd5 21. Qe4 Rb8 22. Bxe7 Nxe7 23. Bc4 c5 24. b3 Qd7 25. Qf3 Nc6 26. Bxf7+ Qxf7 27. Qxc6 Rbc8 28. Rxe8+ Qxe8 29. Qxe8+ Rxe8 30. Kf1 Kf7 31. Re1 Rc8 32. Re4 Rc7 33. Ke2 Kf6 34. Kd3 Kf5 35. f3 g5 36. Kc4 h5 37. g3 g4 38. Rf4+ Kg5 39. fxg4 hxg4 40. Rf8 Rh7 41. Rc8 Kf5 42. Kd3 Rxh2 43. Rxc5+ Kf6 44. Kxd4 Rf2 45. a4 Rg2 46. Rc3 Rd2+ 47. Ke4 Rd6 48. Rc4 Kg5 49. Rc5+ Kg6 50. Rd5 Rc6 51. c4 Rf6 52. c5 Rf3 53. Rd3 Rf1 54. c6 Rc1 55. Kd5 a5 56. Kd6 1-0

[Event "GER-ch Youth-U12 2022"]
[Site "Willingen"]
[Date "2022.06.05"]
[Round "2.13"]
[White "Seth, Aakrit"]
[Black "Li, Luxuan"]
[Result "1-0"]
[ECO "A47"]
[WhiteElo "1435"]
[BlackElo "1235"]
[Annotator "NA RC COMBH"]
[PlyCount "55"]
[EventDate "2022.06.05"]
[EventType "swiss"]
[EventRounds "9"]
[EventCountry "GER"]
[SourceTitle "playchess.com"]
[Source "ChessBase"]
[SourceQuality "1"]
[TimeControl "40/4500+30:900+30"]

1. d4 Nf6 2. Bf4 e6 3. e3 Be7 4. Nf3 b6 5. Nbd2 Bb7 6. Bd3 d6 7. O-O Nbd7 8. Re1 O-O 9. h3 Re8 10. e4 c5 11. c3 Nf8 12. Bb5 N6d7 13. e5 d5 14. Bd3 c4 15. Bc2 Ng6 16. Bh2 b5 17. a3 Nb6 18. Re3 Rb8 19. h4 Bxh4 20. Nxh4 Nxh4 21. Rh3 Qg5 22. Bxh7+ Kf8 23. Bg3 Nf5 24. f4 Qd8 25. Bxf5 exf5 26. Qh5 g6 27. Qh6+ Ke7 28. Bh4+ 1-0

[Event "GER-ch Youth-U12 2022"]
[Site "Willingen"]
[Date "2022.06.05"]
[Round "2.14"]
[White "Halich, Jan Finnian"]
[Black "Aniol, Nico"]
[Result "0-1"]
[ECO "B06"]
[WhiteElo "877"]
[BlackElo "1494"]
[Annotator "NA RC COMBH"]
[PlyCount "56"]
[EventDate "2022.06.05"]
[EventType "swiss"]
[EventRounds "9"]
[EventCountry "GER"]
[SourceTitle "playchess.com"]
[Source "ChessBase"]
[SourceQuality "1"]
[TimeControl "40/4500+30:900+30"]

1. e4 d6 2. g3 Nf6 3. Nc3 g6 4. Bg2 Bg7 5. Nge2 c6 6. d3 b5 7. a3 Bb7 8. O-O Nbd7 9. f4 O-O 10. f5 e5 11. Be3 a6 12. Qd2 Ng4 13. d4 Nxe3 14. Qxe3 Qb6 15. Rad1 exd4 16. Nxd4 Ne5 17. Nce2 Nc4 18. Qb3 Bh6 19. Qc3 Ne3 20. fxg6 hxg6 21. Kh1 Nxd1 22. Rxd1 Bg7 23. Qb4 c5 24. Qc3 cxd4 25. Nxd4 Rac8 26. Qd3 Qxd4 27. Qxd4 Bxd4 28. Rxd4 Rxc2 0-1